 Dungeon Crawl Stone Soup version 0.28-a0-861-ge64d6db94f (webtiles) character file.

Game seed: 257479201890155227

433 pokeman the Magician (level 6, -8/34 HPs)
             Began as a Deep Elf Hedge Wizard on Nov 15, 2021.
             Mangled by a hornet zombie (10 damage)
             ... in an ossuary.
             The game lasted 00:11:04 (4277 turns).

pokeman the Magician (Deep Elf Hedge Wizard)        Turns: 4277, Time: 00:11:04

Health: -8/34      AC:  3    Str:  7    XL:     6   Next: 67%
Magic:  15/18      EV: 12    Int: 21    God:
Gold:   62         SH:  0    Dex: 14    Spells: 6/19 levels left

rFire   . . .      SeeInvis .   e - +0 longbow
rCold   . . .      Faith    .   (shield currently unavailable)
rNeg    . . .      Spirit   .   h - +0 leather armour
rPois   .          Reflect  .   c - +0 hat
rElec   .          Harm     .   (no cloak)
rCorr   .          Rampage  .   (no gloves)
Will    .....                   (no boots)
Stlth   ++........              k - amulet of magic regeneration
HPRegen 0.11/turn               (no ring)
MPRegen 0.41/turn               (no ring)

@: very slightly contaminated
A: no striking features
a: no special abilities


You were in an ossuary.
You visited 1 branch of the dungeon, and saw 4 of its levels.
You also visited: Ossuary.

You collected 98 gold pieces.
You spent 36 gold pieces at shops.

Inventory:

Hand Weapons
 a - a +0 dagger
 e - a +0 longbow (weapon)
Missiles
 g - 7 arrows (quivered ammo)
 n - 18 bolts
Armour
 c - a +0 hat (worn)
 h - a +0 leather armour (worn)
Jewellery
 k - an amulet of magic regeneration (around neck)
Scrolls
 b - a scroll of fog {unknown}
 f - a scroll of holy word {unknown}
 l - 2 scrolls of identify {unknown}
Potions
 d - 3 potions of curing
 i - a potion of haste {unknown}
 j - a potion of brilliance {unknown}
 m - a potion of invisibility {unknown}


   Skills:
 + Level 1.2 Fighting
 - Level 1.0 Armour
 - Level 3.0 Dodging
 - Level 3.0 Stealth
 * Level 7.3 Spellcasting
 + Level 3.4 Conjurations
 - Level 1.1 Summonings
 - Level 1.0 Necromancy
 - Level 1.1 Translocations
 + Level 1.5 Fire Magic
 - Level 1.1 Air Magic
 - Level 1.0 Poison Magic


You had 6 spell levels left.
You knew the following spells:

 Your Spells              Type           Power      Damage    Failure   Level
a - Magic Dart            Conj           88%        1d7       3%          1
b - Mephitic Cloud        Conj/Pois/Air  15%        N/A       17%         3
c - Call Imp              Summ           12%        N/A       12%         2
d - Blink                 Tloc           24%        N/A       12%         2
e - Conjure Flame         Conj/Fire      18%        6-21      14%         3
f - Corpse Rot            Necr/Air       24%        N/A       12%         2

Your spell library contained the following spells:

 Spells                   Type           Power      Damage    Failure   Level
 Slow                     Hex            28%        N/A       13%         1
 Vampiric Draining        Necr           12%        2d6       24%         3
 Confusing Touch          Hex            7%         N/A       36%         3
 Dispel Undead            Necr           12%        3d9       63%         4
 Death Channel            Necr           6%         N/A       100%        6


Dungeon Overview and Level Annotations

Branches:
Dungeon (4/15)            Ossuary (1/1)
 Temple: D:4-7

Altars:

Shops:
D:2 ![=


Message History

Casting: Magic Dart (safe; 3% risk of failure)
Confirm with . or Enter, or press ? or * to list all spells.
Aiming: Magic Dart (safe; 3% risk of failure)
Press: ? - help, Shift-Dir - straight line, f/p - mummy
Aim: a mummy (lightly damaged, 100% to hit)
The magic dart hits the mummy.
The mummy is heavily damaged.
The mummy hits you!
Casting: Magic Dart (safe; 3% risk of failure)
Confirm with . or Enter, or press ? or * to list all spells.
You miscast Call Imp.
You are very lightly contaminated with residual magic.
Nothing appears to happen.
A hornet zombie comes into view.
Unknown command.
Casting: Call Imp (safe; 12% risk of failure)
Confirm with . or Enter, or press ? or * to list all spells.
A beastly little devil appears in a puff of frigid air.
The mummy hits you!
* * * LOW HITPOINT WARNING * * *
Unknown command.
You swap places.
Your white imp hits the mummy but does no damage.
There is a gate leading back out of this place here.
Unknown command.
Unknown command.
Unknown command.
The mummy barely misses your white imp.
The hornet zombie misses your white imp.
Your white imp barely misses the mummy.
The hornet zombie hits your white imp. The mummy closely misses you.
The mummy closely misses your white imp.
Your white imp hits the mummy.
Your white imp freezes the mummy.
The mummy resists.
The hornet zombie hits your white imp.
Your white imp dies!
Your white imp disappears in a puff of smoke!
Unknown command.
The hornet zombie hits you!
You die...

# #####
+.#..∩#
#.'.ZM#
#.'.#.M@#
### #####


You could see 2 mummies and a hornet zombie.

Vanquished Creatures
  An ogre (D:3)
  4 orc priests (D:3)
  Jessica (D:3)
  Natasha (twice) (D:2)
  4 gnolls (D:3)
  5 adders
  3 worms
  4 orcs (D:3)
  6 endoplasms
  2 giant cockroaches (D:2)
  5 goblins
  3 hobgoblins
  2 quokkas
  5 ball pythons
  4 bats
  4 frilled lizards
  5 kobolds
  6 rats
66 creatures vanquished.

Vanquished Creatures (collateral kills)
  An orc (D:2)
  A kobold (D:2)
2 creatures vanquished.

Vanquished Creatures (others)
  A withered plant (Ossuary)
1 creature vanquished.

Grand Total: 69 creatures vanquished

Notes
Turn   | Place    | Note
-------+----------+-------------------------------------------
     0 | D:1      | pokeman the Deep Elf Hedge Wizard began the quest for the
                  | Orb.
     0 | D:1      | Reached XP level 1. HP: 10/10 MP: 7/7
   409 | D:1      | Reached XP level 2. HP: 15/15 MP: 9/9
   908 | D:2      | Reached skill level 5 in Spellcasting
  1023 | D:2      | Found Qidan's Distillery.
  1033 | D:2      | Bought a potion of curing for 36 gold pieces
  1203 | D:2      | Reached XP level 3. HP: 11/20 MP: 1/11
  1207 | D:2      | Learned a level 3 spell: Mephitic Cloud
  1210 | D:2      | Learned a level 2 spell: Corpse Rot
  1213 | D:2      | Learned a level 2 spell: Call Imp
  1216 | D:2      | Learned a level 2 spell: Blink
  1517 | D:2      | Found Zeolud's Armour Emporium.
  1808 | D:2      | Reached skill level 1 in Fighting
  1808 | D:2      | Reached skill level 1 in Armour
  1945 | D:2      | Found a faded altar of an unknown god.
  1958 | D:2      | Noticed Natasha
  1968 | D:2      | Killed Natasha
  1969 | D:2      | Reached XP level 4. HP: 25/25 MP: 2/13
  2184 | D:2      | Found Simpiel's Jewellery Shoppe.
  2455 | D:2      | Noticed Natasha
  2466 | D:2      | Killed Natasha
  2467 | D:2      | Reached skill level 1 in Necromancy
  2478 | D:2      | Learned a level 3 spell: Conjure Flame
  2633 | D:3      | Reached skill level 6 in Spellcasting
  2633 | D:3      | Reached XP level 5. HP: 24/29 MP: 10/15
  2633 | D:3      | Noticed Jessica
  2639 | D:3      | Killed Jessica
  2994 | D:3      | Reached skill level 1 in Air Magic
  3236 | D:3      | Noticed an ogre
  3244 | D:3      | Killed an ogre
  3245 | D:3      | Reached skill level 7 in Spellcasting
  3245 | D:3      | Reached skill level 1 in Fire Magic
  3245 | D:3      | Reached XP level 6. HP: 34/34 MP: 9/18
  3311 | D:3      | Reached skill level 1 in Poison Magic
  4214 | D:4      | Found a sand-covered staircase.
  4257 | Ossuary  | Entered an ossuary
  4272 | Ossuary  | HP: 1/34 [mummy (11)]
  4277 | Ossuary  | Mangled by a hornet zombie

Illustrated notes

Levels and vault maps discovered:
D:1:      dpeg_arrival_three_same_balls, layout_loops_ring
D:2:      layout_basic, basic_ecumenical_altar, serial_shops, shop,
          nicolae_shop_stone, shop_statue, uniq_natasha
D:3:      layout_loops_ring, uniq_jessica
D:4:      layout_basic, nicolae_overflow_crystal_walls, elyvilon_altar_1,
          enter_ossuary_2, minmay_box_of_dots, uniq_menkaure
Ossuary:  ossuary_zaba_flooded

Skill      XL: |  1  2  3  4  5  6 |
---------------+-------------------+-----
Spellcasting   | 5 6 7 |  7.3
Fighting       | 1 |  1.2
Armour         | 1 |  1.0
Conjurations   | 2 3 |  3.4
Necromancy     | 1 |  1.0
Dodging        | 3 |  3.0
Air Magic      | 1 |  1.1
Stealth        | 3 |  3.0
Fire Magic     | 1 |  1.5
Poison Magic   | 1 |  1.0
Summonings     | |  1.1
Translocations | |  1.1

Action                   |  1- 3 |  4- 6 || total
-------------------------+-------+-------++-------
 Fire: Longbow           |    11 |    31 ||    42
 Cast: Magic Dart        |   100 |    58 ||   158
       Mephitic Cloud    |     1 |    10 ||    11
       Call Imp          |     1 |     2 ||     3
       Blink             |       |     3 ||     3
       Conjure Flame     |       |     3 ||     3
Armor: Leather armour    |     3 |     6 ||     9
Dodge: Dodged            |    10 |    18 ||    28

Table legend: (Time is in decaauts)
 A = Elapsed time spent in this place.
 B = Non-inter-level travel time spent in this place.
 C = Inter-level travel time spent in this place.
 D = Time resting spent in this place.
 E = Time spent auto-exploring this place.
 F = Levels seen in this place.
 G = Mean time per level.
                   A        B        C        D        E       F      G
               +--------+--------+--------+--------+--------+-----+--------+
         Total |   4311 |   4200 |    111 |    282 |   3233 |   5 |  862.2 |
       Dungeon |   4291 |   4180 |    111 |    282 |   3224 |   4 | 1072.8 |
       Ossuary |     20 |     20 |      0 |      0 |      9 |   1 |   20.0 |
               +--------+--------+--------+--------+--------+-----+--------+

Top non-repeatable levels by time:
     D:2: 1693 daAuts
     D:3: 1555 daAuts
     D:1: 914 daAuts
     D:4: 128 daAuts
 Ossuary: 20 daAuts
